 Dungeon Crawl Stone Soup version 0.30-a0-782-ge64f9170bb (webtiles) character file.

Game seed: 17208690860673314873

4235 theswoord the Cleaver (level 10, -3/71 HPs)
             Began as a Demonspawn Gladiator on Feb 22, 2023.
             Was an Initiate of Kikubaaqudgha.
             Slain by Grum
             ... wielding a -1 spear
              (16 damage)
             ... on level 8 of the Dungeon.
             The game lasted 00:08:06 (7011 turns).

theswoord the Cleaver (Demonspawn Gladiator)        Turns: 7011, Time: 00:08:07

Health: -3/71      AC:  7    Str: 18    XL:     10   Next: 9%
Magic:  10/10      EV: 10    Int: 10    God:    Kikubaaqudgha [......]
Gold:   390        SH:  6    Dex: 15    Spells: 9/9 levels left

rFire   . . .      SeeInvis .    a - +1 war axe
rCold   . . .      Faith    .    (no shield)
rNeg    . . .      Spirit   .    f - +1 scale mail
rPois   .          Reflect  .    (helmet restricted)
rElec   .          Harm     .    (no cloak)
rCorr   .          Rampage  .    (no gloves)
Will    .....                    (no boots) Stlth
                                 (no amulet)
HPRegen 0.31/turn                (no ring)
MPRegen 0.12/turn                (no ring)

@: invisible
A: antennae 2, large bone plates 2, spiny 2
a: Renounce Religion


You were on level 8 of the Dungeon.
You worshipped Kikubaaqudgha.
Kikubaaqudgha was noncommittal.
You visited 2 branches of the dungeon, and saw 9 of its levels.

You collected 390 gold pieces.

Inventory:

Hand Weapons
 a - a +1 war axe (weapon)
 w - a +1 flail of protection
 A - a +0 whip of electrocution
Missiles
 d - 2 throwing nets (quivered)
 e - a javelin
Armour
 b - a +0 leather armour
 c - a +0 helmet
 f - a +1 scale mail (worn)
 D - a +0 cloak
Jewellery
 p - a ring of resist corrosion
 y - an amulet of faith
 G - a ring of poison resistance
Wands
 o - a wand of mindburst (14)
Scrolls
 h - 5 scrolls of amnesia
 k - 2 scrolls of teleportation
 q - 2 scrolls of torment
 r - 4 scrolls of blinking
 s - 2 scrolls of vulnerability
 t - a scroll of enchant armour
 v - 3 scrolls of enchant weapon
 x - a scroll of magic mapping
Potions
 g - a potion of resistance
 i - 4 potions of flight
 j - 2 potions of degeneration
 l - 2 potions of curing
 u - 2 potions of mutation {unknown}
 z - a potion of ambrosia
 B - a potion of attraction {unknown}
 C - a potion of brilliance {unknown}
 E - a potion of lignification {unknown}
 F - a potion of haste {unknown}


   Skills:
 + Level 3.8 Fighting
 + Level 14.2 Axes
 - Level 1.7 Throwing
 + Level 2.8 Armour
 - Level 2.6 Dodging
 + Level 1.2 Necromancy


You had 9 spell levels left.
You didn't know any spells.
Your spell library was empty.

Dungeon Overview and Level Annotations

Branches:
Dungeon (8/15)             Temple (1/1) D:7
   Lair: D:8-11

Altars:
Ashenzari
Kikubaaqudgha
Makhleb
Okawaru
Sif Muna

Shops:
D:2 ![

Annotations:
D:8 Grum


Innate Abilities, Weirdness & Mutations

You have a pair of antennae on your head.
You are mostly covered in large bone plates. (SH +6)
You are mostly covered in sharp spines.


Message History

The wolf bites you!
* * * LOW HITPOINT WARNING * * *
You hit the wolf but do no damage. You slash the wolf! You hit the wolf.
The wolf is struck by your spines. The wolf bites you.
* * * LOW HITPOINT WARNING * * *
You block the wolf's attack. The wolf is struck by your spines.
The wolf bites you but does no damage. The wolf is struck by your spines.
The wolf bites you.
* * * LOW HITPOINT WARNING * * *
You block the wolf's attack.
Grum hits you from afar with a -1 spear!
* * * LOW HITPOINT WARNING * * *
You feel better. The wolf bites you but does no damage.
You block the wolf's attack. The wolf is struck by your spines.
The wolf closely misses you. The wolf is struck by your spines.
You kill the wolf!
Kikubaaqudgha accepts your kill.
Grum hits you from afar with a -1 spear!
* * * LOW HITPOINT WARNING * * *
You block the wolf's attack.
There is an open door here.
You feel better. You block the wolf's attack.
The wolf bites you but does no damage. The wolf closely misses you.
The wolf bites you.
* * * LOW HITPOINT WARNING * * *
Grum points his finger and snarls, "Attack!"
Grum barely misses you.
It was a potion of invisibility.
You fade into invisibility!
The wolf is struck by your spines.
You kill the wolf!
Kikubaaqudgha accepts your kill. The wolf is struck by your spines.
You kill the wolf!
Kikubaaqudgha accepts your kill. You block Grum's attack.
Your Necromancy skill increases to level 1!
Grum is struck by your spines. Grum hits you with a -1 spear!
You die...
Kikubaaqudgha rasps: "You have failed me!
Welcome... death!"

.....†.........#
...............# ..
...............# ...
######...###...##+###..
##...###...#.....#
...........#.....#
#...........'.....#
#...........#.†...#
#...........#@....#
....!......#.g...#
...........#.....#
##....######.....#
#.... ....### #....
....# .<..# .....#


You could see Grum (unable to see you).

Vanquished Creatures
  Pikel (D:6)
  Grinder (D:6)
  A wyvern (D:8)
  Eustachio (D:5)
  Sigmund (D:4)
  4 steam dragons (D:7)
  5 black bears
  4 sky beasts (D:7)
  An ogre (D:6)
  3 wolves (D:8)
  3 lemures (D:6)
  2 centaurs
  A phantom (D:6)
  A bullfrog (D:6)
  A kobold brigand (D:5)
  6 scorpions
  3 necrophages
  A howler monkey (D:5)
  An orc priest (D:6)
  A jelly (D:4)
  2 hounds
  4 orc wizards
  Natasha (thrice) (D:3)
  2 iguanas
  10 adders
  2 white imps
  2 ufetubi
  A worm (D:4)
  A dart slug (D:5)
  17 orcs
  4 endoplasms
  9 giant cockroaches
  4 goblins
  4 hobgoblins
  10 jackals
  2 quokkas
  8 ball pythons
  2 bats
  4 frilled lizards
  8 kobolds
  8 rats
149 creatures vanquished.

Vanquished Creatures (others)
  A plant (D:4)
1 creature vanquished.

Grand Total: 150 creatures vanquished

Notes
Turn   | Place    | Note
-------+----------+-------------------------------------------
     0 | D:1      | theswoord the Demonspawn Gladiator began the quest for the
                  | Orb.
     0 | D:1      | Reached XP level 1. HP: 16/16 MP: 1/1
   314 | D:1      | Reached skill level 3 in Axes
   544 | D:1      | Gained mutation: You are partially covered in large bone
                  | plates. (SH +4) [demonic ancestry]
   544 | D:1      | Reached XP level 2. HP: 22/22 MP: 2/2
  1081 | D:2      | Gained mutation: You are partially covered in sharp spines.
                  | [demonic ancestry]
  1081 | D:2      | Reached XP level 3. HP: 26/27 MP: 3/3
  1105 | D:2      | Found Duheuba's Distillery.
  1140 | D:2      | Found Rentuxt's Antique Armour Shop.
  1357 | D:2      | Found a faded altar of an unknown god.
  1486 | D:2      | Reached skill level 4 in Axes
  1850 | D:3      | Noticed Natasha
  1855 | D:3      | Killed Natasha
  1857 | D:3      | Gained mutation: You are mostly covered in sharp spines.
                  | [demonic ancestry]
  1857 | D:3      | Reached XP level 4. HP: 28/33 MP: 4/4
  1922 | D:3      | Reached skill level 11 in Axes
  1922 | D:3      | Gained mutation: You have a pair of small antennae on your
                  | head. [demonic ancestry]
  1922 | D:3      | Reached XP level 5. HP: 38/38 MP: 5/5
  2012 | D:3      | Noticed Natasha
  2025 | D:3      | Killed Natasha
  2313 | D:3      | Noticed Natasha
  2322 | D:3      | Killed Natasha
  2610 | D:4      | Gained mutation: You have a pair of antennae on your head.
                  | [demonic ancestry]
  2610 | D:4      | Reached XP level 6. HP: 44/44 MP: 6/6
  2656 | D:4      | Noticed Sigmund
  2669 | D:4      | Killed Sigmund
  2931 | D:4      | Reached XP level 7. HP: 45/50 MP: 7/7
  3320 | D:5      | Entered Level 5 of the Dungeon
  3324 | D:5      | Reached skill level 12 in Axes
  3710 | D:5      | Noticed Eustachio
  3752 | D:5      | Killed Eustachio
  3753 | D:5      | Reached XP level 8. HP: 29/56 MP: 8/8
  3988 | D:5      | Reached skill level 13 in Axes
  4711 | D:6      | Noticed Pikel
  4729 | D:6      | Killed Pikel
  4864 | D:6      | Gained mutation: You are mostly covered in large bone
                  | plates. (SH +6) [demonic ancestry]
  4864 | D:6      | Reached XP level 9. HP: 51/61 MP: 9/9
  4966 | D:6      | Found a broken altar of Ashenzari.
  5096 | D:6      | Noticed Grinder
  5113 | D:6      | Killed Grinder
  5898 | D:7      | Found a staircase to the Ecumenical Temple.
  5922 | Temple   | Entered the Ecumenical Temple
  5994 | Temple   | Became a worshipper of Kikubaaqudgha
  6151 | D:7      | Reached skill level 1 in Armour
  6157 | D:7      | Reached skill level 14 in Axes
  6875 | D:8      | Reached XP level 10. HP: 37/71 MP: 10/10
  6999 | D:8      | Noticed Grum
  7010 | D:8      | Reached skill level 1 in Necromancy
  7011 | D:8      | Slain by Grum

Skill      XL: |  1  2  3  4  5  6  7  8  9 10 |
---------------+-------------------------------+-----
Axes           | 3 4 11 12 13 14 | 14.2
Armour         | 2 |  2.8
Fighting       | 3 |  3.8
Necromancy     | 1 |  1.2
Throwing       | |  1.7
Dodging        | |  2.6

Action                     |  1- 3 |  4- 6 |  7- 9 | 10-12 || total
---------------------------+-------+-------+-------+-------++-------
  Melee: War axe           |    81 |    64 |   251 |     5 ||   401
         Punch             |     1 |       |     2 |       ||     3
  Throw: Throwing net      |       |     1 |       |       ||     1
    Use: Scroll            |     6 |     4 |     8 |     1 ||    19
         Potion            |       |     2 |     2 |     3 ||     7
   Stab: Sleeping          |     2 |       |       |       ||     2
 Armour: Leather armour    |    12 |       |       |       ||    12
         Scale mail        |    16 |    12 |    95 |     4 ||   127
  Dodge: Dodged            |    53 |    25 |   102 |     7 ||   187
  Block: Other             |    13 |    14 |    52 |     9 ||    88

Levels and vault maps discovered:
D:1:      tarquinn_simple_flora_water_b, layout_loops_corners
D:2:      layout_loops_ring, dilly_ecumenical_altar_fadedgnrine, basic_altar,
          serial_shops, shop_fountains, nicolae_shop_statue_plus, st_stairs_13
D:3:      layout_loops_ring, uniq_natasha
D:4:      layout_cave_pods, serial_bayou_lake_a, uniq_sigmund
D:5:      minmay_skewed_foursquare, layout_basic, minmay_between, uniq_eustachio
D:6:      layout_cave_pools, mainiacjoe_overflow_boulevard, uniq_grinder,
          uniq_pikel
D:7:      layout_basic, temple_pool_b, serial_bayou_pond_d, hangedman_misty_isle
D:8:      layout_gridville, uniq_grum, uniq_maurice, uniq_amaemon
Temple:   mainiacjoe_temple_big_plus
